 Dungeon Crawl Stone Soup version 0.28-a0-1629-gf728b707aa (webtiles) character file.

Game seed: 9469602931818871669

170 Bzinder the Vexing (level 5, -1/24 HPs)
             Began as a Spriggan Enchanter on Jan 24, 2022.
             Slain by an adder (5 damage)
             ... in a sewer.
             The game lasted 00:07:17 (3623 turns).

Bzinder the Vexing (Spriggan Enchanter)             Turns: 3623, Time: 00:07:18

Health: -1/24      AC:  2    Str:  6    XL:     5   Next: 25%
Magic:  10/13      EV: 14    Int: 16    God:
Gold:   1097       SH:  0    Dex: 16    Spells: 3/14 levels left

rFire   + . .      SeeInvis +   a - +1 dagger
rCold   + . .      Faith    .   (no shield)
rNeg    . . .      Spirit   .   b - +0 robe
rPois   +          Reflect  .   (helmet restricted)
rElec   +          Harm     .   (no cloak)
rCorr   +          Rampage  .   (gloves unavailable)
Will    .....                   (boots unavailable)
Stlth   +++.......              (no amulet)
HPRegen 0.08/turn               f - ring of wizardry
MPRegen 0.13/turn               (no ring)

@: mighty, resistant, constricted, very quick
A: very small, no large weapons, unfitting armour, see invisible, speed 3
a: no special abilities


You were in a sewer.
You visited 1 branch of the dungeon, and saw 3 of its levels.
You also visited: Sewer.

You collected 1097 gold pieces.

Inventory:

Hand Weapons
 a - a +1 dagger (weapon)
Missiles
 h - 2 atropa-tipped darts (quivered)
Armour
 b - a +0 robe (worn)
Jewellery
 f - a ring of wizardry (left hand)
Potions
 e - 2 potions of heal wounds
 i - 2 potions of attraction


   Skills:
 - Level 1.1 Short Blades
 - Level 2.6 Dodging
 - Level 4.4 Stealth
 + Level 5.1 Spellcasting
 + Level 5.7 Hexes


You had 3 spell levels left.
You knew the following spells:

 Your Spells              Type           Power      Damage    Failure   Level
a - Ensorcelled Hibernat  Hex/Ice        26%        N/A       2%          2
b - Tukima's Dance        Hex            22%        N/A       1%          3
c - Dazzling Flash        Conj/Hex       26%        N/A       6%          3
d - Confusing Touch       Hex            22%        N/A       1%          3

Your spell library contained the following spells:

 Spells                   Type           Power      Damage    Failure   Level
 Sandblast                Erth           8%         2d5       6%          1
 Passwall                 Tmut/Erth      3%         N/A       9%          2
 Stone Arrow              Conj/Erth      8%         3d7       17%         3


Dungeon Overview and Level Annotations

Branches:
Dungeon (3/15)              Sewer (1/1)

Altars:

Shops:
D:2 =


Innate Abilities, Weirdness & Mutations

You are very small and have problems with some larger weapons.
You are too small for most types of armour.
You have supernaturally acute eyesight. (SInv)
You cover ground extremely quickly. (Speed+++)


Message History

You impale the ball python!!
You kill the ball python!
The adder barely misses you.
Casting: Ensorcelled Hibernation (safe; 2% risk of failure)
Confirm with . or Enter, or press ? or * to list all spells.
Aiming: Ensorcelled Hibernation (safe; 2% risk of failure)
Press: ? - help, Shift-Dir - straight line, f - ball python
Aim: a ball python (water, chance to affect: 64%)
The ball python resists with significant effort.
The adder bites you. The ball python misses you. x2
The adder closely misses you. The bullfrog closely misses you.
Unknown command.
You feel very mighty all of a sudden. The adder barely misses you.
The ball python completely misses you. The ball python misses you.
The bullfrog barely misses you.
An adder comes into view.
The adder bites you. The adder closely misses you.
Unknown command.
It was a potion of resistance.
You feel protected. The bullfrog closely misses you.
The ball python misses you. The ball python grabs you.
The ball python constricts you. The adder completely misses you.
The adder bites you. The bullfrog barely misses you. The ball python bites you.
The ball python constricts you.
You puncture the adder!
The adder is severely wounded.
The adder bites you. The adder closely misses you. The bullfrog misses you.
The ball python misses you. The ball python constricts you.
You puncture the adder!
You kill the adder!
The adder barely misses you. The bullfrog hits you.
* * * LOW HITPOINT WARNING * * *
The ball python bites you but does no damage.
The ball python constricts you.
You closely miss the adder. The bullfrog closely misses you.
The adder bites you.
* * * LOW HITPOINT WARNING * * *
The adder bites you.
You die...

≈..≈##
##≈.≈.##
≈≈≈≈≈#
#≈≈≈≈≈≈#
≈≈≈≈≈#
#≈≈≈≈F≈#
≈≈≈≈≈#
#≈≈≈≈≈≈#
≈≈≈≈≈#
#≈≈≈≈≈≈#
≈≈≈≈≈#
#≈≈≈≈≈≈#
≈≈≈≈≈#
#≈≈≈#≈≈#
≈≈≈≈≈#
#≈≈≈SSS#
≈≈≈≈≈#
#≈≈≈F@≈#
≈(..≈#
#≈≈≈≈≈≈#
.≈≈†##
#≈≈≈≈≈≈#
≈†≈≈≈#
#≈≈≈≈≈≈#
≈≈≈≈≈#
#≈≈≈≈≈≈#
≈≈≈≈≈#
#≈≈≈≈≈≈#
≈≈≈≈≈#
#≈≈≈≈≈≈#
≈≈≈≈≈#
#####≈≈≈≈≈≈#
≈.≈.##
#..##..≈≈≈##


You could see 2 bullfrogs, 2 adders and a ball python.

Vanquished Creatures
  Jessica (D:2)
  6 adders
  A dart slug (D:1)
  2 endoplasms
  2 giant cockroaches (D:2)
  7 goblins
  5 hobgoblins
  2 quokkas
  11 ball pythons
  5 bats
  2 frilled lizards
  3 kobolds
  26 rats
73 creatures vanquished.

Vanquished Creatures (collateral kills)
  Terence (D:2)
1 creature vanquished.

Grand Total: 74 creatures vanquished

Notes
Turn   | Place    | Note
-------+----------+-------------------------------------------
     0 | D:1      | Bzinder the Spriggan Enchanter began the quest for the Orb.
     0 | D:1      | Reached XP level 1. HP: 9/9 MP: 5/5
   373 | D:1      | Reached XP level 2. HP: 12/13 MP: 7/7
   376 | D:1      | Learned a level 2 spell: Ensorcelled Hibernation
  1416 | D:2      | Reached XP level 3. HP: 16/16 MP: 6/9
  1490 | D:2      | Learned a level 3 spell: Tukima's Dance
  1494 | D:2      | Learned a level 3 spell: Dazzling Flash
  1661 | D:2      | Found a faded altar of an unknown god.
  1687 | D:2      | Noticed Jessica
  1695 | D:2      | Killed Jessica
  1696 | D:2      | Reached skill level 5 in Hexes
  1696 | D:2      | Reached XP level 4. HP: 21/21 MP: 4/11
  2114 | D:2      | Found Nocvegat's Jewellery Emporium.
  2140 | D:2      | Noticed Terence
  2183 | D:2      | Killed Terence
  2518 | D:3      | Found a glowing drain.
  2523 | Sewer    | Entered a sewer
  2585 | Sewer    | Learned a level 3 spell: Confusing Touch
  3345 | Sewer    | Reached XP level 5. HP: 14/24 MP: 2/13
  3373 | Sewer    | Reached skill level 5 in Spellcasting
  3550 | Sewer    | Identified a scroll of acquirement
  3550 | Sewer    | Acquired 1016 gold pieces
  3623 | Sewer    | Slain by an adder

Illustrated notes

Levels and vault maps discovered:
D:1:      minmay_arrival_shoal_huts, layout_basic
D:2:      layout_loops_ring, serial_shops, nicolae_shop_statue_plus,
          hellmonk_ecumenical_altar_lost_god, uniq_terence, uniq_jessica
D:3:      layout_loops_ring, portal_sewer_entry_e, st_stairs_3, uniq_sigmund,
          uniq_natasha
Sewer:    sewer_minmay_w

Skill      XL: |  1  2  3  4  5 |
---------------+----------------+-----
Spellcasting   | 3 4 5 |  5.1
Hexes          | 4 5 |  5.7
Short Blades   | |  1.1
Dodging        | |  2.6
Stealth        | |  4.4

Action                   |  1- 3 |  4- 6 || total
-------------------------+-------+-------++-------
Melee: Dagger            |    66 |   176 ||   242
       Punch             |     2 |       ||     2
 Cast: Ensorcelled Hiber |     8 |    23 ||    31
       Tukima's Dance    |     1 |     2 ||     3
  Use: Scroll            |       |    10 ||    10
       Potion            |       |     4 ||     4
 Stab: Sleeping          |    15 |    13 ||    28
       Invisible         |       |     3 ||     3
Armor: Robe              |     4 |    29 ||    33
Dodge: Dodged            |    43 |   199 ||   242

Table legend: (Time is in decaauts)
 A = Elapsed time spent in this place.
 B = Non-inter-level travel time spent in this place.
 C = Inter-level travel time spent in this place.
 D = Time resting spent in this place.
 E = Time spent auto-exploring this place.
 F = Levels seen in this place.
 G = Mean time per level.
                   A        B        C        D        E       F      G
               +--------+--------+--------+--------+--------+-----+--------+
         Total |   3019 |   2953 |     66 |    302 |   2034 |   4 |  754.8 |
       Dungeon |   1944 |   1878 |     66 |     53 |   1514 |   3 |  648.0 |
         Sewer |   1074 |   1074 |      0 |    249 |    519 |   1 | 1074.0 |
               +--------+--------+--------+--------+--------+-----+--------+

Top non-repeatable levels by time:
   Sewer: 1074 daAuts
     D:1: 1057 daAuts
     D:2: 811 daAuts
     D:3: 75 daAuts
